 Dungeon Crawl Stone Soup version 0.31.0-11-ge490571c62 (webtiles) character file.

Game seed: 3553403612494559052

11353 qw the Nimble (level 11, -13/55 HPs)
             Began as a Spriggan Hunter on Feb 4, 2024.
             Was a High Priest of Okawaru.
             Mangled by a centaur warrior
             ... wielding a +0 heavy war axe
              (23 damage)
             ... on level 11 of the Dungeon.
             The game lasted 00:00:42 (8054 turns).

qw the Nimble (Spriggan Hunter)                     Turns: 8054, Time: 00:00:43

Health: -13/55     AC:  4    Str:  7    XL:     11   Next: 48%
Magic:  15/19      EV: 28    Int: 10    God:    Okawaru [*****.]
Gold:   807        SH:  0    Dex: 24    Spells: 10/10 levels left

rFire   + + .        c - +2 arbalest (flame)
rCold   + + .        (shield currently unavailable)
rNeg    . . .        b - +1 troll leather armour
rPois   .            (helmet restricted)
rElec   .            a - scarf {rC+ rF+}
rCorr   .            (gloves unavailable)
SInv    +            (boots unavailable)
Will    +....        (no amulet)
Stlth   ++           f - ring of protection from fire
HPRegen 1.09/turn    m - ring of protection from cold
MPRegen 0.16/turn

%: no passive effects
@: about to teleport, finesse-ful, very quick
A: very small, no large weapons, unfitting armour, see invisible, speed 3
a: Renounce Religion, Heroism, Finesse, Duel


You were on level 11 of the Dungeon.
You worshipped Okawaru.
Okawaru was extremely pleased with you.
You visited 1 branch of the dungeon, and saw 11 of its levels.

You collected 807 gold pieces.


Innate Abilities, Weirdness & Mutations

You are very small and have problems with some larger weapons.
You are too small for most types of armour.
You have supernaturally acute eyesight. (SInv)
You cover ground extremely quickly. (Speed+++)


   Skills:
 - Level 5.0 Fighting
 + Level 12.0 Ranged Weapons
 - Level 12.1 Dodging
 - Level 1.5 Stealth
 + Level 9.8 Invocations


You had 10 spell levels left.
You didn't know any spells.
Your spell library was empty.

Inventory:

Hand Weapons
 c - a +2 arbalest of flaming (weapon)
Armour
 a - a scarf of resistance (worn)
 b - a +1 troll leather armour (worn)
Jewellery
 f - a ring of protection from fire (left hand)
 k - an amulet of guardian spirit
 m - a ring of protection from cold (right hand)
 n - a ring of ice
Wands
 o - a wand of iceblast (4)
Scrolls
 d - 3 scrolls of identify
Potions
 e - a potion of magic
 g - 7 potions of enlightenment
 h - 3 potions of curing
 i - a potion of heal wounds
 l - 3 potions of might
 p - a potion of ambrosia {unknown}
 q - a potion of mutation
 r - a potion of haste {unknown}

Dungeon Overview and Level Annotations

Branches:
Dungeon (11/15)            Temple (0/1) D:4            Lair (0/5) D:11
    Orc (0/2) D:11

Altars:
Elyvilon
Fedhas
Okawaru
Wu Jian
Xom

Shops:
D:1 *   D:4 (

Portals:
Abyss: D:3

Annotations:
D:3 2 transporters, qw's ghost, amateur DEHu
D:9 1 runed translucent door, qw's ghost, novice DjHu


Message History

The centaur warrior is heavily wounded.
A boulder beetle comes into view.
You shoot a bolt. The bolt hits the centaur warrior!!
The bolt burns the centaur warrior.
The centaur warrior is almost dead.
The centaur warrior shoots an arrow.
The arrow completely misses you.
You shoot a bolt.
The bolt barely misses the centaur warrior.
The boulder beetle curls into a ball and begins rolling!
The centaur warrior shoots an arrow.
The arrow completely misses you.
You shoot a bolt.
The bolt barely misses the centaur warrior.
You shoot a bolt. The bolt hits the centaur warrior!
The bolt burns the centaur warrior.
You kill the centaur warrior!
Okawaru is honoured by your kill.
An efreet comes into view.
It is wielding a +2 scimitar of flaming and wearing the amulet of the Giraffatuar {Spirit Stlth+}.
The boulder beetle stops rolling and uncurls.
Your Fighting skill increases to level 5!
You shoot a bolt. The bolt hits the slime creature!!
The bolt burns the slime creature!
The slime creature is severely wounded.
You shoot a bolt. The bolt hits the slime creature.
The bolt burns the slime creature.
The slime creature is severely wounded.
You shoot a bolt. The bolt hits the slime creature!!
The bolt burns the slime creature!
You kill the slime creature!
Okawaru accepts your kill.
You shoot a bolt. The bolt hits the centaur warrior.
The bolt burns the centaur warrior.
The centaur warrior is lightly wounded.
The centaur warrior hits you with a +0 heavy war axe!
The centaur warrior completely misses you.
The boulder beetle leaps!
8054 ||| READING scroll of teleportation.
As you read the scroll of teleportation, it crumbles to dust.
You feel strangely unstable.
The centaur warrior hits you with a +0 heavy war axe!!
You die...

#.# #.# #..#.##
#7.......7# #.# #.#
#....#...##..P.P..##
#.# #.#
#...##...##7..7..7#.
#.# #.#
#...#..#..##..P..##.
#.# #.#
#..##.#.#.##7...7#..
#.# #<# #..#..$#..
#...##.. #.# #.#
##.##..#.# #7.7#...
#.######.#
#..#..#.#.#.. #%##...
#........#
#.##@........ #.#...#
#........#
##.#c#.#########.#...#
#........#
#..#Q##.......))##...#
#........###.##.
#.#.#.#.#(#....#
#............#C0
##.......##....#
.........#..##.0
#.#.#.#.#.....#
.........#..#.0#
##....)##.###.#
...........##.B
#.#.#.#..# #.#
...........#
##...##.## #.#


You could see a boulder beetle, a centaur warrior, a cyclops and a tengu
conjurer.

Vanquished Creatures
  Gastronok (D:9)
  A hydra (D:11)
  Erolcha (D:10)
  A centaur warrior (D:11)
  A tengu warrior (D:10)
  A manticore (D:11)
  An ugly thing (D:11)
  A cyclops (D:11)
  2 rust devils (D:7)
  An unseen horror (D:11)
  Prince Ribbit (D:9)
  A slime creature (D:11)
  A spriggan (shapeshifter) (D:10)
  A shadow (D:11)
  A vampire (D:11)
  A wyvern (D:10)
  4 yaks
  A steam dragon (D:9)
  A warg (D:10)
  Menkaure (D:6)
  Edmund (D:5)
  An acid dragon (D:11)
  5 orc warriors
  2 sky beasts (D:7)
  A black bear (D:4)
  2 ogres
  5 centaurs
  2 phantoms (D:5)
  A bullfrog (D:9)
  3 gnoll sergeants
  4 scorpions
  5 wights (D:9)
  6 killer bees
  An electric eel (D:6)
  A howler monkey (D:4)
  3 hounds
  2 jellies (D:6)
  5 orc priests
  A sleepcap (D:6)
  7 iguanas
  17 orc wizards
  10 gnolls
  5 adders
  2 white imps
  4 ufetubi
  A dart slug (D:2)
  A ribbon worm (D:2)
  47 orcs
  6 bats
  8 endoplasms
  2 giant cockroaches
  4 goblins
  6 hobgoblins
  12 jackals
  7 kobolds
  6 quokkas
  10 ball pythons
  3 frilled lizards
  5 rats
238 creatures vanquished.

Notes
Turn   | Place    | Note
-------+----------+-------------------------------------------
     0 | D:1      | qw the Spriggan Hunter began the quest for the Orb.
     0 | D:1      | Reached XP level 1. HP: 10/10 MP: 2/2
     0 | D:1      | 0 ||| qw: Version: 0.3-a-160-g6735b56
     0 | D:1      | 0 ||| qw: Game counter: 5432
     0 | D:1      | 0 ||| qw: Melee chars always use a shield: true
     0 | D:1      | 0 ||| qw: God list: Okawaru
     0 | D:1      | 0 ||| qw: Allow faded altars: false
     0 | D:1      | 0 ||| qw: Do Orc after clearing Dungeon:15 true
     0 | D:1      | 0 ||| qw: Do second Lair branch before Depths: true
     0 | D:1      | 0 ||| qw: Lair rune preference: random
     0 | D:1      | 0 ||| qw: Goals: Normal
     0 | D:1      | 0 ||| PLANNING D:1-11
    72 | D:1      | Reached skill level 3 in Dodging
   118 | D:1      | Reached XP level 2. HP: 12/14 MP: 3/3
   147 | D:1      | Found Tyegg's General Store.
   157 | D:1      | 157 ||| SHOPLISTING potion of enlightenment (65 gold, have
                  | 22).
   168 | D:1      | Found a faded altar of an unknown god.
   689 | D:1      | Reached XP level 3. HP: 15/18 MP: 4/4
   738 | D:1      | 738 ||| UPGRADING to ring of protection from fire.
   739 | D:1      | 739 ||| READING scroll labelled DYUGO ZETAYTAM.
   739 | D:1      | 739 ||| IDENTIFYING dark potion
   740 | D:1      | 740 ||| READING scroll labelled WAXINK MERGHAJA.
   740 | D:1      | 740 ||| BRANDING +0 shortbow.
   741 | D:1      | 741 ||| DROPPING scroll of butterflies.
   742 | D:1      | 742 ||| DROPPING potion of magic.
   811 | D:2      | Found an iron altar of Okawaru.
   812 | D:2      | 812 ||| PLANNING OKAWARU WORSHIP
   817 | D:2      | Became a worshipper of Warmaster Okawaru
   818 | D:2      | 818 ||| PLANNING D:1-11
  1042 | D:2      | 1042 ||| DROPPING ring of flight.
  1043 | D:2      | 1043 ||| READING scroll of identify.
  1043 | D:2      | 1043 ||| IDENTIFYING bubbling ruby potion
  1044 | D:2      | 1044 ||| READING scroll labelled GAPLIQADULL.
  1171 | D:2      | Reached XP level 4. HP: 22/22 MP: 5/5
  1480 | D:2      | 1480 ||| UPGRADING to +0 troll leather armour.
  1490 | D:2      | 1490 ||| DROPPING +0 robe.
  1491 | D:2      | 1491 ||| READING scroll labelled FIAMOGGOOK.
  1491 | D:2      | 1491 ||| ENCHANTING +0 heavy shortbow.
  1492 | D:2      | 1492 ||| READING scroll labelled QYUKHU JAUNU.
  1492 | D:2      | Identified a scroll of acquirement
  1492 | D:2      | 1492 ||| ACQUIRING +2 arbalest of flaming
  1492 | D:2      | Acquired a +2 arbalest of flaming
  1494 | D:2      | 1494 ||| SWAPPING to +2 arbalest of flaming.
  1495 | D:2      | 1495 ||| DROPPING +1 heavy shortbow.
  1520 | D:3      | 1520 ||| STAIRDANCE
  1587 | D:3      | Noticed a scorpion
  1590 | D:3      | Killed a scorpion
  1591 | D:3      | Reached XP level 5. HP: 27/27 MP: 6/6
  1693 | D:3      | Identified the +1 robe of an ice cave {Int+3}
  1701 | D:3      | Found a transporter.
  1738 | D:3      | Found a one-way gate to the infinite horrors of the Abyss.
  1748 | D:3      | Noticed qw's ghost (amateur DEHu)
  1778 | D:3      | Found a transporter.
  2138 | D:3      | 2138 ||| DROPPING +1 robe of an ice cave {Int+3}.
  2139 | D:3      | 2139 ||| READING 2 scrolls of identify.
  2139 | D:3      | 2139 ||| IDENTIFYING fuming sapphire potion
  2140 | D:3      | 2140 ||| READING scroll of identify.
  2140 | D:3      | 2140 ||| IDENTIFYING smoky green potion
  2141 | D:3      | 2141 ||| READING scroll labelled WIXKAA KOBLI.
  2142 | D:3      | 2142 ||| READING scroll labelled JULONYMAESK.
  2243 | D:3      | 2243 ||| DRINKING 2 fuming black potions.
  2244 | D:3      | 2244 ||| FLEEEEING.
  2245 | D:3      | 2245 ||| FLEEEEING.
  2246 | D:3      | 2246 ||| FLEEEEING.
  2247 | D:3      | 2247 ||| FLEEEEING.
  2248 | D:3      | 2248 ||| FLEEEEING.
  2249 | D:3      | 2249 ||| FLEEEEING.
  2250 | D:3      | 2250 ||| FLEEEEING.
  2251 | D:3      | 2251 ||| FLEEEEING.
  2252 | D:3      | 2252 ||| FLEEEEING.
  2253 | D:3      | 2253 ||| FLEEEEING.
  2254 | D:3      | 2254 ||| FLEEEEING.
  2255 | D:3      | 2255 ||| FLEEEEING.
  2256 | D:3      | 2256 ||| FLEEEEING.
  2257 | D:3      | 2257 ||| FLEEEEING.
  2258 | D:3      | 2258 ||| FLEEEEING.
  2259 | D:3      | 2259 ||| FLEEEEING.
  2260 | D:3      | 2260 ||| FLEEEEING.
  2261 | D:3      | 2261 ||| FLEEEEING.
  2262 | D:3      | 2262 ||| FLEEEEING.
  2263 | D:3      | 2263 ||| FLEEEEING.
  2264 | D:3      | 2264 ||| FLEEEEING.
  2265 | D:3      | 2265 ||| FLEEEEING.
  2266 | D:3      | 2266 ||| FLEEEEING.
  2267 | D:3      | 2267 ||| FLEEEEING.
  2268 | D:3      | 2268 ||| FLEEEEING.
  2269 | D:3      | 2269 ||| FLEEEEING.
  2270 | D:3      | 2270 ||| FLEEEEING.
  2271 | D:3      | 2271 ||| FLEEEEING.
  2272 | D:3      | 2272 ||| FLEEEEING.
  2273 | D:3      | 2273 ||| FLEEEEING.
  2274 | D:3      | 2274 ||| FLEEEEING.
  2275 | D:3      | 2275 ||| FLEEEEING.
  2276 | D:3      | 2276 ||| FLEEEEING.
  2277 | D:3      | 2277 ||| FLEEEEING.
  2278 | D:3      | 2278 ||| FLEEEEING.
  2279 | D:3      | 2279 ||| FLEEEEING.
  2280 | D:3      | 2280 ||| FLEEEEING.
  2281 | D:3      | 2281 ||| FLEEEEING.
  2282 | D:3      | 2282 ||| FLEEEEING.
  2283 | D:3      | 2283 ||| FLEEEEING.
  2284 | D:3      | 2284 ||| FLEEEEING.
  2285 | D:3      | 2285 ||| FLEEEEING.
  2286 | D:3      | 2286 ||| FLEEEEING.
  2287 | D:3      | 2287 ||| FLEEEEING.
  2288 | D:3      | 2288 ||| FLEEEEING.
  2289 | D:3      | 2289 ||| FLEEEEING.
  2290 | D:3      | 2290 ||| FLEEEEING.
  2291 | D:3      | 2291 ||| FLEEEEING.
  2292 | D:3      | 2292 ||| FLEEEEING.
  2293 | D:3      | 2293 ||| FLEEEEING.
  2294 | D:3      | 2294 ||| FLEEEEING.
  2295 | D:3      | 2295 ||| FLEEEEING.
  2296 | D:3      | 2296 ||| FLEEEEING.
  2297 | D:3      | 2297 ||| FLEEEEING.
  2298 | D:3      | 2298 ||| FLEEEEING.
  2299 | D:3      | 2299 ||| FLEEEEING.
  2300 | D:3      | 2300 ||| FLEEEEING.
  2301 | D:3      | 2301 ||| FLEEEEING.
  2302 | D:3      | 2302 ||| FLEEEEING.
  2303 | D:3      | 2303 ||| FLEEEEING.
  2304 | D:3      | 2304 ||| FLEEEEING.
  2305 | D:3      | 2305 ||| DRINKING 2 grey potions.
  2345 | D:3      | 2345 ||| DROPPING potion of degeneration.
  2346 | D:3      | 2346 ||| DROPPING potion of berserk rage.
  2347 | D:3      | 2347 ||| DROPPING potion of lignification.
  2362 | D:4      | Noticed a black bear
  2365 | D:4      | Killed a black bear
  2365 | D:4      | Reached * piety under Okawaru
  2366 | D:4      | Reached XP level 6. HP: 32/32 MP: 7/7
  2454 | D:4      | Reached skill level 6 in Ranged Weapons
  2454 | D:4      | Reached skill level 1 in Invocations
  2469 | D:4      | Found a staircase to the Ecumenical Temple.
  2508 | D:4      | Found Idangycw's Weapon Shop.
  2889 | D:4      | 2889 ||| DROPPING ring of wizardry.
  2890 | D:4      | 2890 ||| READING scroll labelled SYRASO EB BIZI.
  2891 | D:4      | 2891 ||| READING scroll labelled NUQUIH GAUD.
  2893 | D:4      | 2893 ||| Stepping ~*~*~tactically~*~*~ (cloud).
  2927 | D:5      | Entered Level 5 of the Dungeon
  2948 | D:5      | Reached skill level 6 in Dodging
  2980 | D:5      | Reached XP level 7. HP: 35/35 MP: 9/9
  3045 | D:5      | Reached skill level 3 in Invocations
  3107 | D:5      | Noticed Edmund
  3111 | D:5      | Killed Edmund
  3111 | D:5      | Reached ** piety under Okawaru
  3496 | D:5      | 3496 ||| READING scroll of identify.
  3496 | D:5      | 3496 ||| IDENTIFYING fuming green potion
  3497 | D:5      | 3497 ||| READING scroll labelled COOJETR SIZA.
  3558 | D:5      | 3558 ||| READING scroll labelled BIODDIWOUS.
  3666 | D:6      | Reached XP level 8. HP: 39/39 MP: 12/12
  3810 | D:6      | Found a white marble altar of Elyvilon.
  3811 | D:6      | Found an ornate altar of the Wu Jian Council.
  3954 | D:6      | Reached skill level 3 in Fighting
  4079 | D:6      | Reached *** piety under Okawaru
  4246 | D:6      | Noticed Menkaure
  4247 | D:6      | Killed Menkaure
  4283 | D:6      | Found a blossoming altar of Fedhas.
  4464 | D:6      | 4464 ||| READING 3 scrolls of identify.
  4464 | D:6      | 4464 ||| IDENTIFYING lumpy emerald potion
  4465 | D:6      | 4465 ||| READING 2 scrolls of identify.
  4465 | D:6      | 4465 ||| IDENTIFYING red potion
  4466 | D:6      | 4466 ||| READING scroll of identify.
  4466 | D:6      | 4466 ||| IDENTIFYING scroll labelled VIAPISETAR
  4467 | D:6      | 4467 ||| DROPPING potion of attraction.
  4564 | D:7      | Reached skill level 9 in Ranged Weapons
  4792 | D:7      | Reached skill level 9 in Dodging
  4792 | D:7      | Reached XP level 9. HP: 44/44 MP: 13/13
  4796 | D:7      | 4796 ||| DROPPING wand of flame (35).
  5084 | D:7      | Noticed a rust devil
  5084 | D:7      | Noticed a rust devil
  5157 | D:7      | 5157 ||| READING scroll labelled OSIROFANES.
  5625 | D:8      | 5625 ||| UPGRADING to scarf of resistance.
  5639 | D:7      | 5639 ||| RETREEEEATING.
  5640 | D:7      | 5640 ||| RETREEEEATING.
  5641 | D:7      | 5641 ||| RETREEEEATING.
  5642 | D:7      | 5642 ||| RETREEEEATING.
  5643 | D:7      | 5643 ||| RETREEEEATING.
  5644 | D:7      | 5644 ||| RETREEEEATING.
  5645 | D:7      | 5645 ||| INVOKING Heroism.
  5652 | D:7      | Killed a rust devil
  5660 | D:7      | Killed a rust devil
  5686 | D:7      | 5686 ||| Stepping randomly (stuck).
  5999 | D:8      | 5999 ||| UPGRADING to ring of protection from cold.
  6031 | D:9      | Reached **** piety under Okawaru
  6046 | D:9      | Found a shimmering altar of Xom.
  6048 | D:9      | Noticed Prince Ribbit
  6051 | D:9      | Killed Prince Ribbit
  6062 | D:9      | Found a runed translucent door.
  6062 | D:9      | Noticed qw's ghost (novice DjHu)
  6208 | D:9      | Reached XP level 10. HP: 51/51 MP: 14/14
  6491 | D:9      | Noticed Gastronok
  6492 | D:9      | 6492 ||| INVOKING Finesse.
  6493 | D:9      | 6493 ||| INVOKING Finesse.
  6497 | D:9      | HP: 10/51 [Gastronok/the air (41)]
  6498 | D:9      | 6498 ||| READING 2 scrolls of teleportation.
  6499 | D:9      | 6499 ||| DRINKING 2 potions of heal wounds.
  6500 | D:9      | 6500 ||| FLEEEEING.
  6501 | D:9      | 6501 ||| FLEEEEING.
  6502 | D:9      | 6502 ||| FLEEEEING.
  6503 | D:9      | 6503 ||| FLEEEEING.
  6604 | D:9      | 6604 ||| INVOKING Finesse.
  6614 | D:9      | Killed Gastronok
  6615 | D:9      | Reached skill level 6 in Invocations
  6748 | D:9      | 6748 ||| READING 5 scrolls of identify.
  6748 | D:9      | 6748 ||| IDENTIFYING scroll labelled VUQION HAYTHUT
  6749 | D:9      | 6749 ||| DROPPING scroll of fog.
  6762 | D:10     | Entered Level 10 of the Dungeon
  6839 | D:10     | Identified the +5 dagger of Equivalence {pain, rN+}
  6896 | D:10     | Noticed Erolcha
  6897 | D:10     | 6897 ||| RETREEEEATING.
  6900 | D:10     | 6900 ||| RETREEEEATING.
  6901 | D:10     | 6901 ||| RETREEEEATING.
  6902 | D:10     | 6902 ||| RETREEEEATING.
  6903 | D:10     | 6903 ||| RETREEEEATING.
  6906 | D:10     | 6906 ||| RETREEEEATING.
  6943 | D:10     | 6943 ||| INVOKING Finesse.
  6955 | D:10     | Killed Erolcha
  7062 | D:10     | Reached ***** piety under Okawaru
  7073 | D:10     | Noticed a tengu warrior
  7073 | D:10     | 7073 ||| INVOKING Finesse.
  7095 | D:10     | Killed a tengu warrior
  7364 | D:10     | 7364 ||| READING 4 scrolls of identify.
  7364 | D:10     | 7364 ||| IDENTIFYING lumpy brown potion
  7365 | D:10     | 7365 ||| READING 3 scrolls of identify.
  7365 | D:10     | 7365 ||| IDENTIFYING scroll labelled LATEG KEDGHE
  7366 | D:10     | 7366 ||| READING 2 scrolls of identify.
  7366 | D:10     | 7366 ||| IDENTIFYING scroll labelled OJEGAULEDUC
  7367 | D:10     | 7367 ||| READING scroll of enchant armour.
  7367 | D:10     | 7367 ||| ENCHANTING +0 troll leather armour.
  7368 | D:10     | 7368 ||| DROPPING scroll of revelation.
  7419 | D:11     | Found a staircase to the Orcish Mines.
  7419 | D:11     | Found a staircase to the Lair.
  7421 | D:11     | 7421 ||| STAIRDANCE
  7434 | D:11     | 7434 ||| STAIRDANCE
  7445 | D:10     | Reached skill level 12 in Ranged Weapons
  7445 | D:10     | Reached XP level 11. HP: 22/54 MP: 18/18
  7944 | D:11     | Noticed a green ugly thing
  7945 | D:11     | 7945 ||| INVOKING Finesse.
  7950 | D:11     | Killed a green ugly thing
  7951 | D:11     | Reached skill level 9 in Invocations
  7984 | D:11     | Noticed an eight-headed hydra
  7992 | D:11     | Reached skill level 12 in Dodging
  7998 | D:11     | Killed an eight-headed hydra
  8038 | D:11     | Noticed a centaur warrior
  8039 | D:11     | 8039 ||| INVOKING Finesse.
  8042 | D:11     | Noticed a centaur warrior
  8045 | D:11     | Noticed a boulder beetle
  8049 | D:11     | Killed a centaur warrior
  8049 | D:11     | Identified the amulet of the Giraffatuar {Spirit Stlth+}
  8053 | D:11     | HP: 9/55 [centaur warrior/+0 heavy war axe (15)]
  8054 | D:11     | 8054 ||| READING scroll of teleportation.
  8054 | D:11     | Mangled by a centaur warrior

Levels and vault maps discovered:
D:1:      arrival_zaba_pyramid, layout_basic, serial_shops, shop,
          dreamdust_ecumenical_altar_angels_and_demons
D:2:      layout_loops_ring, basic_altar, minivault_27, minmay_3d_cube
D:3:      layout_loops_ring, gammafunk_ghost_abyssal_escape
D:4:      layout_loops_ring, minmay_temple_entry_crystal_x, serial_shops, shop
D:5:      layout_loops_ring, uniq_edmund
D:6:      layout_loops_corners, nicolae_overflow_hidden_temple,
          nicolae_lava_and_water, uniq_menkaure
D:7:      cheibrodos_iron_armory, layout_basic
D:8:      layout_basic
D:9:      layout_irregular_city, xom_butterflies,
          hellmonk_ghost_happy_afterlife, grunt_decor_junction,
          uniq_prince_ribbit1, uniq_gastronok
D:10:     layout_roguey, nicolae_sextant, minivault_20, uniq_erolcha
D:11:     minmay_the_grid_triangle_9x9_rhombus_thin
          [minmay_the_grid_triangle_9x9_sparse_checkered,
          minmay_the_grid_triangle_9x9_prize_schism,
          minmay_the_grid_triangle_9x9_shrine,
          minmay_the_grid_triangle_9x9_limited_checkers], layout_long_grid,
          david_orc_3

Skill      XL: |  1  2  3  4  5  6  7  8  9 10 11 |
---------------+----------------------------------+-----
Dodging        | 3 4 5 6 9 10 11 12 | 12.1
Ranged Weapons | 5 6 7 9 10 12 | 12.0
Fighting       | 2 3 4 5 |  5.0
Invocations    | 2 4 5 8 9 |  9.8
Stealth        | |  1.5

Action                     |  1- 3 |  4- 6 |  7- 9 | 10-12 || total
---------------------------+-------+-------+-------+-------++-------
   Fire: Shortbow          |    93 |    10 |       |       ||   103
         Arbalest          |       |    81 |   213 |   194 ||   488
 Invoke: Heroism           |       |       |     1 |       ||     1
         Finesse           |       |       |       |     6 ||     6
    Use: Scroll            |     4 |     8 |     7 |     7 ||    26
         Potion            |       |     2 |       |     1 ||     3
 Armour: Robe              |    19 |     1 |       |       ||    20
         Troll leather arm |       |     7 |    32 |    24 ||    63
  Dodge: Dodged            |    52 |    36 |   136 |   132 ||   356

Table legend:
 A = Non-vault XP
 B = Vault XP
 C = Vault XP percentage of total XP
 D = Non-vault monster count
 E = Vault monster count
 F = Vault count percentage of total count
                 A         B        C        D         E       F
            +---------+---------+-------+---------+---------+-------
      Total |    7563 |    8656 |  53.4 |     210 |      28 |  11.8
            +---------+---------+-------+---------+---------+-------
        D:1 |      45 |       0 |   0.0 |      26 |       0 |   0.0
        D:2 |      72 |       6 |   7.7 |      19 |       3 |  13.6
        D:3 |     173 |       0 |   0.0 |      20 |       0 |   0.0
        D:4 |     289 |       0 |   0.0 |      15 |       0 |   0.0
        D:5 |     601 |     162 |  21.2 |      16 |       1 |   5.9
        D:6 |    1001 |     169 |  14.4 |      33 |       1 |   2.9
        D:7 |     503 |    1120 |  69.0 |       7 |       4 |  36.4
        D:8 |     403 |       0 |   0.0 |      24 |       0 |   0.0
        D:9 |    1198 |    1750 |  59.4 |      18 |       2 |  10.0
       D:10 |    1262 |    2102 |  62.5 |      12 |       7 |  36.8
       D:11 |    2016 |    3347 |  62.4 |      20 |      10 |  33.3
            +---------+---------+-------+---------+---------+-------
